 Dungeon Crawl Stone Soup version 0.31.0-11-ge490571c62 (webtiles) character file.

Game seed: 5440840273283696158

123739 Ashen the Thrower (level 16, 0/126 HPs)
             Began as a Gnoll Enchanter on Feb 6, 2024.
             Was a Follower of Uskayaw.
             Killed by the raging water
             ... invoked by a water nymph
              (9 damage)
             ... on level 1 of the Shoals.
             The game lasted 01:55:53 (29002 turns).

Ashen the Thrower (Gnoll Enchanter)                Turns: 29002, Time: 01:55:54

Health: 0/126      AC: 17    Str:  8    XL:     16   Next: 91%
Magic:  30/32      EV: 18    Int: 18    God:    Uskayaw [*.....]
Gold:   1          SH:  9    Dex: 16    Spells: 2/40 levels left

rFire   . . .        D - +1 rapier (elec)
rCold   . . .        Y - +2 buckler {AC+3}
rNeg    . . .        J - +0 troll leather armour
rPois   .            n - +2 helmet {Int+3}
rElec   .            C - +1 cloak of Abstinence {Rampage Regen+ Dex-4 Slay+5}
rCorr   .            A - +2 pair of gloves {hurl}
SInv    .            (no boots)
Will    ++...        E - amulet of faith
Stlth   +++++        t - ring of willpower
HPRegen 2.01/turn    K - ring of flight
MPRegen 0.23/turn

%: rampage, faith
@: flying, studying 2 skills
A: fangs 1, strong nose, distributed training
a: Renounce Religion, Stomp


You were on level 1 of the Shoals.
You worshipped Uskayaw.
Uskayaw was pleased with you.
You visited 5 branches of the dungeon, and saw 24 of its levels.
You visited 1 bazaar.
You also visited: Bailey and Volcano.

You collected 2687 gold pieces.
You spent 2686 gold pieces at shops.

Inventory:

Hand Weapons
 D - a +1 rapier of electrocution (weapon)
Missiles
 w - 22 poisoned darts (quivered)
 L - 2 throwing nets
Armour
 n - a +2 helmet of intelligence (worn)
 A - a +2 pair of gloves of hurling (worn)
 C - the +1 cloak of Abstinence (worn) {Rampage Regen+ Dex-4 Slay+5}
   (You acquired it in a bailey)

   Dex-4:     It affects your dexterity (-4).
   Slay+5:    It affects your accuracy & damage with ranged weapons and melee
   (+5).
   Regen+:    It increases your rate of health regeneration.
   Rampage:   It bestows one free step when moving towards enemies.
 J - a +0 troll leather armour (worn)
 Y - a +2 buckler of protection (worn)
Jewellery
 t - a ring of willpower (left hand)
 E - an amulet of faith (around neck)
 K - a ring of flight (right hand)
Wands
 l - a wand of flame (28)
 u - a wand of paralysis (16)
 x - a wand of polymorph (4)
 O - a wand of mindburst (26)
 Z - a wand of iceblast (4)
Scrolls
 e - 9 scrolls of fog
 h - 3 scrolls of torment
 i - 4 scrolls of immolation
 j - 11 scrolls of teleportation
 o - 6 scrolls of poison
 r - 3 scrolls of silence
 s - 7 scrolls of noise
 v - a scroll of amnesia
 y - 2 scrolls of revelation
 F - 5 scrolls of vulnerability
 G - a scroll of enchant armour
 N - a scroll of brand weapon
 P - a scroll of butterflies
 R - 5 scrolls of enchant weapon
 X - a scroll of blinking
Potions
 c - 5 potions of invisibility
 f - 2 potions of brilliance
 g - 7 potions of attraction
 k - 4 potions of might
 m - 3 potions of haste
 p - 6 potions of enlightenment
 q - 6 potions of mutation
 z - 3 potions of curing
 B - 3 potions of lignification
 H - 3 potions of ambrosia
 I - 3 potions of resistance
 M - 2 potions of cancellation {unknown}
 Q - a potion of magic
 T - a potion of berserk rage
 V - 3 potions of heal wounds
Miscellaneous
 b - a box of beasts
 d - a tin of tremorstones (2/2)
 S - a lightning rod (4/4)


   Skills:
 + Level 11.6 Fighting
 + Level 11.9 Short Blades
 + Level 11.6 Long Blades
 + Level 11.6 Axes
 + Level 11.6 Maces & Flails
 + Level 11.6 Polearms
 + Level 11.6 Staves
 + Level 11.6 Ranged Weapons
 + Level 13.3 Throwing
 + Level 11.6 Armour
 + Level 12.5 Dodging
 + Level 13.0 Stealth
 + Level 11.6 Shields
 + Level 11.6 Unarmed Combat
 + Level 12.6 Spellcasting
 + Level 9.8 Conjurations
 + Level 11.2 Hexes
 + Level 9.8 Summonings
 + Level 9.8 Necromancy
 + Level 9.8 Translocations
 + Level 9.8 Fire Magic
 + Level 9.8 Ice Magic
 + Level 9.8 Air Magic
 + Level 9.8 Earth Magic
 + Level 9.8 Alchemy
 + Level 12.6 Invocations
 + Level 11.6 Evocations
 + Level 10.7 Shapeshifting


You had 2 spell levels left.
You knew the following spells:

 Your Spells              Type           Power      Damage    Failure   Level
a - Ensorcelled Hibernat  Hex/Ice        98%        N/A       1%          2
b - Confusing Touch       Hex            51%        N/A       1%          3
c - Tukima's Dance        Hex            51%        N/A       1%          3
d - Dazzling Flash        Conj/Hex       98%        N/A       1%          3
e - Metabolic Englaciati  Hex/Ice        24%        N/A       3%          5
f - Mephitic Cloud        Conj/Alch/Air  46%        N/A       1%          3
g - Vhi's Electric Charg  Tloc/Air       92%        N/A       1%          4
h - Anguish               Hex/Necr       24%        N/A       1%          4
i - Cause Fear            Hex            25%        N/A       1%          4
j - Enfeeble              Hex            25%        N/A       65%         7

Your spell library contained the following spells:

 Spells                   Type           Power      Damage    Failure   Level
 Sting                    Conj/Alch      100%       1d9       1%          1
 Static Discharge         Conj/Air       92%        3-7/arc   1%          2
 Sublimation of Blood     Necr           46%        N/A       1%          2
 Fugue of the Fallen      Necr           46%        N/A       1%          3
 Inner Flame              Hex/Fire       49%        N/A       1%          3
 Ozocubu's Armour         Ice            46%        N/A       1%          3
 Airstrike                Air            23%        2d(4-20)  1%          4
 Animate Dead             Necr           46%        N/A       1%          4
 Dispel Undead            Necr           46%        3d18      1%          4
 Manifold Assault         Tloc           46%        N/A       1%          4
 Summon Lightning Spire   Summ/Air       46%        N/A       1%          4
 Arcjolt                  Conj/Air       23%        1d33      4%          5
 Irradiate                Conj/Alch      23%        3d19      4%          5
 Plasma Beam              Fire/Air       23%        2x1d35    28%         6
 Sculpt Simulacrum        Ice/Alch       23%        N/A       28%         6
 Ignition                 Fire           23%        3d8       100%        8


Dungeon Overview and Level Annotations

Branches:
Dungeon (15/15)            Temple (1/1) D:6            Lair (5/5) D:8
 Shoals (1/4) Lair:3        Snake (0/4) Lair:2        Slime (0/5) Lair:5
    Orc (2/2) D:9             Elf (0/3) Orc:2        Vaults (0/5) D:13
 Depths (0/4) D:15         Bailey (visited)         Volcano (visited)

Altars:
Ashenzari
Cheibriados
Dithmenos
Elyvilon
Fedhas
Gozag
Hepliaklqana
Kikubaaqudgha
Makhleb
Nemelex Xobeh
Okawaru
Qazlal
Ru
Sif Muna
Trog
Uskayaw
Vehumet
Wu Jian
Xom
Yredelemnul
Zin
The Shining One
Jiyva

Shops:
D:7 *   Orc:1 [   Orc:2 (!=:*

Portals:
Hell: Lair:5

Annotations:
D:7 exclusion: orc wizard
Lair:5 1 runed translucent door, exclusion: oklob plant, KineticRobot's ghost, journeyman MiFi


Innate Abilities, Weirdness & Mutations

You have very sharp teeth.
Your uncanny sense of smell can sniff out nearby items.
Your experience applies equally to all skills.


Message History

The water rises up and strikes you.
The water nymph gestures at you while chanting.
The water rises up and strikes you!! The water nymph casts a spell at you.
The water rises up and strikes you!!
The water nymph gestures at you while chanting.
The water rises up and strikes you!
As you read the scroll of fear, it crumbles to dust.
You assume a fearsome visage.
The water nymph resists with almost no effort.
The water nymph looks frightened!
The water nymph resists with some effort.
The water nymph looks frightened! x2; The water nymph easily resists.
The merfolk siren easily resists.
The water nymph gestures at you while chanting.
The water rises up and strikes you!!
* * * LOW HITPOINT WARNING * * *
The water nymph gestures at you while chanting.
The water rises up and strikes you!!
* * * LOW HITPOINT WARNING * * *
The water nymph cries, "Help!"
The water nymph barely misses you.
As you read the scroll of fog, it dissolves into smoke.
The merfolk siren chants a haunting song.
You are mesmerised by the merfolk siren!
The water nymph nearly stumbles in trying to escape.
The water nymph howls in fear.
The water nymph barely misses you.
A faun comes into view. It is wielding a +0 quarterstaff.
The faun shouts!
As you read the scroll of fear, it crumbles to dust.
You assume a fearsome visage.
The water nymph easily resists.
The water nymph resists with almost no effort.
The water nymph resists with some effort.
The faun looks frightened!
The merfolk siren looks frightened!
The merfolk siren stops singing.
You are no longer entranced.
The water nymph points at you and mumbles some strange words.
The water rises up and strikes you!
You die...

~~..~~~≈~~..~~~.~~~~~~~~~..≈≈≈~~.
~~~.~~~~~~.......~~~~~~~~....≈.~.
P~~~~~~~≈~~.......~~~~~~~........
~~..~~~~~†~~......~~~~~~~........
.....~~~~~~~......~~~~~~~........
.###.~~~~~~~~...~~~~~~~~~.......~
,**#...~~~~~~~~§§§~~~~~~~.....~~~
,,*#.~~~~~~~####§§~####~~,,,~~~~~
,,...~~~~~~~#~§m@§§~~~#,,,,,~~~~~
,,.~~~~~~~≈~#.~§m§~~~~#~,,,,~~~~~
,,,,~~~~~~~~#~~§m§§~~~#~~,,~~~~~~
,,,,~~~~~~~≈~.~~~~~~~~~~~~~~~~~~~
,,,~~~~~~~≈≈~.~~~~~~~~~~~~~~~~~~~
,,~~~~~~~~≈m~~.~~~~~~~~≈~~~~~~~~~
,,~~~~~~~c≈≈#~~~~~~~~~#≈≈~~~~~~~~
*,,~~~~~~~≈≈#~~~m~~~~~#~~~~~~~~~~
,,~~~~~~~~~~*~~~~~~~~~*~~~~~~~~~~


You could see a faun (fleeing), a merfolk siren (fleeing) and 4 water nymphs.

Vanquished Creatures
  Jorgrun (D:13)
  A very ugly thing (D:15)
  A fire dragon (Volcano)
  A rakshasa (D:15)
  2 centaur warriors
  5 vault guards (D:13)
  3 catoblepae
  12 hydras
  4 boulder beetles
  4 two-headed ogres
  3 tengu warriors
  An occultist (Lair:5)
  13 death yaks
  Urug (D:11)
  6 orc high priests (Orc:2)
  Nergalle (D:11)
  10 skeletal warriors
  2 skysharks
  A fire crab (Lair:4)
  A death drake (shapeshifter) (D:15)
  A sixfirhy (Lair:5)
  A glowing orange brain (D:15)
  3 deep elf pyromancers
  A necromancer (Lair:3)
  A harpy (shapeshifter) (D:15)
  6 orc knights (Orc:2)
  5 lindwurms
  An orc sorcerer (Bailey)
  A manticore (Shoals:1)
  7 cyclopes
  13 ugly things
  11 elephants
  3 kobold blastminers (Orc:2)
  Joseph (D:7)
  12 black mambas
  4 smoke demons
  3 gargoyles
  6 torpor snails
  An orange demon (Lair:5)
  14 cane toads
  An unseen horror (D:13)
  5 rime drakes
  An efreet (D:15)
  A kobold demonologist (Bailey)
  7 komodo dragons
  A freezing wraith (D:14)
  2 ice devils (Lair:5)
  2 red devils (Lair:5)
  7 trolls
  3 polar bears
  A hornet (Lair:4)
  11 blink frogs
  5 dream sheep
  A snapping turtle (Shoals:1)
  23 slime creatures
  62 yaks
  A centaur simulacrum (D:15)
  A vampire (D:14)
  4 shadows
  2 wraiths
  4 wyverns
  Eustachio (D:5)
  A warg (Orc:2)
  6 basilisks
  4 steam dragons
  Edmund (D:5)
  38 water moccasins
  5 hell hounds
  7 black bears
  2 laughing skulls (D:15)
  52 orc warriors
  An elephant zombie (Lair:3)
  5 ogres
  7 wolves
  6 centaurs
  7 phantoms
  3 kobold brigands
  3 gnoll sergeants
  2 komodo dragon zombies (Lair:3)
  15 bullfrogs
  8 scorpions
  14 wights
  12 killer bees
  8 electric eels
  8 howler monkeys
  3 bombardier beetles
  4 crimson imps (D:4)
  A hound (D:5)
  A centaur zombie (D:7)
  2 jellies
  25 orc priests
  A gnoll bouda (D:3)
  7 sleepcaps
  Jessica (D:2)
  3 iguanas
  21 orc wizards
  Natasha (thrice) (D:2)
  5 scorpion zombies (D:7)
  4 killer bee zombies (D:7)
  Robin (D:3)
  18 gnolls
  9 adders
  8 shadow imps (D:7)
  2 ribbon worms (D:2)
  4 dart slugs
  95 orcs
  7 endoplasms
  4 giant cockroaches
  19 goblins
  20 hobgoblins
  A jackal (D:4)
  18 kobolds
  5 quokkas
  10 ball pythons
  5 bats
  A frilled lizard (D:1)
  7 rats
844 creatures vanquished.

Vanquished Creatures (collateral kills)
  4 skeletal warriors
4 creatures vanquished.

Vanquished Creatures (others)
  A dancing weapon (D:11)
1 creature vanquished.

Grand Total: 849 creatures vanquished

Notes
Turn   | Place    | Note
-------+----------+-------------------------------------------
     0 | D:1      | Ashen the Gnoll Enchanter began the quest for the Orb.
     0 | D:1      | Reached XP level 1. HP: 13/13 MP: 6/6
    91 | D:1      | Reached XP level 2. HP: 20/20 MP: 7/7
   145 | D:1      | Learned a level 2 spell: Ensorcelled Hibernation
   279 | D:1      | Reached skill level 5 in Spellcasting
   279 | D:1      | Reached XP level 3. HP: 24/25 MP: 5/9
   348 | D:1      | Reached skill level 1 in Invocations
   579 | D:1      | Reached skill level 1 in Fighting
   579 | D:1      | Reached skill level 1 in Long Blades
   579 | D:1      | Reached skill level 1 in Axes
   579 | D:1      | Reached skill level 1 in Maces & Flails
   579 | D:1      | Reached skill level 1 in Polearms
   579 | D:1      | Reached skill level 1 in Staves
   579 | D:1      | Reached skill level 1 in Ranged Weapons
   579 | D:1      | Reached skill level 1 in Throwing
   579 | D:1      | Reached skill level 1 in Armour
   579 | D:1      | Reached skill level 1 in Shields
   579 | D:1      | Reached skill level 1 in Unarmed Combat
   579 | D:1      | Reached skill level 1 in Evocations
   889 | D:2      | Noticed Natasha
   894 | D:2      | Killed Natasha
   895 | D:2      | Reached skill level 1 in Shapeshifting
   895 | D:2      | Reached XP level 4. HP: 32/32 MP: 11/11
   924 | D:2      | Reached skill level 1 in Conjurations
   924 | D:2      | Reached skill level 1 in Summonings
   924 | D:2      | Reached skill level 1 in Necromancy
   924 | D:2      | Reached skill level 1 in Translocations
   924 | D:2      | Reached skill level 1 in Fire Magic
   924 | D:2      | Reached skill level 1 in Ice Magic
   924 | D:2      | Reached skill level 1 in Air Magic
   924 | D:2      | Reached skill level 1 in Earth Magic
   924 | D:2      | Reached skill level 1 in Alchemy
  1282 | D:2      | Noticed Natasha
  1288 | D:2      | Killed Natasha
  1289 | D:2      | Reached XP level 5. HP: 37/37 MP: 9/12
  1340 | D:2      | Noticed Jessica
  1347 | D:2      | Killed Jessica
  1397 | D:2      | Noticed Natasha
  1403 | D:2      | Killed Natasha
  1463 | D:2      | Identified the blade talisman "Gitesoam" {rElec Will+ Str-2
                  | Int+2}
  1632 | D:3      | Noticed Robin
  1786 | D:3      | Reached XP level 6. HP: 28/44 MP: 5/13
  1934 | D:3      | Killed Robin
  2009 | D:3      | Reached skill level 5 in Dodging
  2439 | D:3      | Learned a level 3 spell: Confusing Touch
  2443 | D:3      | Learned a level 3 spell: Tukima's Dance
  2447 | D:3      | Learned a level 3 spell: Dazzling Flash
  2876 | D:4      | Found a shimmering altar of Xom.
  2998 | D:4      | Reached XP level 7. HP: 45/51 MP: 15/15
  3686 | D:4      | Learned a level 5 spell: Metabolic Englaciation
  4050 | D:5      | Entered Level 5 of the Dungeon
  4066 | D:5      | You fall into a shaft and drop 1 floor!
  4109 | D:6      | Reached XP level 8. HP: 37/58 MP: 12/16
  4213 | D:6      | Found a staircase to the Ecumenical Temple.
  4242 | Temple   | Entered the Ecumenical Temple
  4392 | Temple   | Became a worshipper of Uskayaw the Reveller
  4509 | D:6      | Reached * piety under Uskayaw
  4515 | D:6      | Found an iron altar of Okawaru.
  4585 | D:6      | Reached ** piety under Uskayaw
  4668 | D:6      | Reached *** piety under Uskayaw
  5352 | D:5      | Noticed Edmund
  5357 | D:5      | Killed Edmund
  5358 | D:5      | Reached XP level 9. HP: 65/65 MP: 15/18
  5399 | D:5      | Noticed Eustachio
  5410 | D:5      | Killed Eustachio
  6194 | D:7      | Noticed Joseph
  6204 | D:7      | Killed Joseph
  6205 | D:7      | Reached skill level 5 in Short Blades
  6420 | D:7      | Reached skill level 5 in Invocations
  6515 | D:7      | Found Ucuyhas's General Store.
  6520 | D:7      | Bought a potion of resistance for 130 gold pieces
  6520 | D:7      | Bought a potion of curing for 39 gold pieces
  6962 | D:7      | Reached **** piety under Uskayaw
  6967 | D:7      | Reached ***** piety under Uskayaw
  6968 | D:7      | Reached skill level 5 in Fighting
  6968 | D:7      | Reached skill level 5 in Long Blades
  6968 | D:7      | Reached skill level 5 in Axes
  6968 | D:7      | Reached skill level 5 in Maces & Flails
  6968 | D:7      | Reached skill level 5 in Polearms
  6968 | D:7      | Reached skill level 5 in Staves
  6968 | D:7      | Reached skill level 5 in Ranged Weapons
  6968 | D:7      | Reached skill level 5 in Throwing
  6968 | D:7      | Reached skill level 5 in Armour
  6968 | D:7      | Reached skill level 5 in Shields
  6968 | D:7      | Reached skill level 5 in Unarmed Combat
  6968 | D:7      | Reached skill level 5 in Evocations
  6968 | D:7      | Reached XP level 10. HP: 71/74 MP: 9/20
  8129 | D:7      | Reached skill level 5 in Shapeshifting
  8713 | D:7      | Found a shimmering blue altar of Sif Muna.
  8908 | D:8      | Found a staircase to the Lair.
  9162 | D:8      | Reached skill level 5 in Conjurations
  9162 | D:8      | Reached skill level 5 in Summonings
  9162 | D:8      | Reached skill level 5 in Necromancy
  9162 | D:8      | Reached skill level 5 in Translocations
  9162 | D:8      | Reached skill level 5 in Fire Magic
  9162 | D:8      | Reached skill level 5 in Ice Magic
  9162 | D:8      | Reached skill level 5 in Air Magic
  9162 | D:8      | Reached skill level 5 in Earth Magic
  9162 | D:8      | Reached skill level 5 in Alchemy
  9162 | D:8      | Reached XP level 11. HP: 79/81 MP: 14/22
 10682 | D:9      | Noticed a green ugly thing
 10684 | D:9      | Killed a green ugly thing
 11135 | D:9      | Reached ****** piety under Uskayaw
 11385 | D:9      | Found a staircase to the Orcish Mines.
 11798 | D:10     | Entered Level 10 of the Dungeon
 11918 | D:10     | Found a flagged portal.
 12008 | Bailey   | Entered a bailey
 12148 | Bailey   | Noticed an orc sorcerer
 12151 | Bailey   | Killed an orc sorcerer
 12188 | Bailey   | Reached XP level 12. HP: 69/91 MP: 16/24
 12290 | Bailey   | Acquired the Handbook of Excruciating Unholy Arts
 12296 | Bailey   | Learned a level 3 spell: Mephitic Cloud
 12366 | Bailey   | Acquired the +1 cloak of Abstinence {Rampage Regen+ Dex-4
                  | Slay+5}
 12513 | Bailey   | Found an iron altar of Okawaru.
 12547 | Bailey   | Identified the +4 rapier "Kompoqen" {protect, rElec rN+
                  | MP-9}
 12752 | D:10     | Found a shadowy altar of Dithmenos.
 12753 | D:10     | Found a bloodstained altar of Trog.
 13054 | D:10     | Noticed a two-headed ogre
 13064 | D:10     | Killed a two-headed ogre
 13292 | Lair:1   | Entered Level 1 of the Lair of Beasts
 14173 | Lair:2   | Found a staircase to the Snake Pit.
 14254 | Lair:2   | Found an opulent altar of Gozag.
 14387 | Lair:2   | Reached skill level 10 in Stealth
 15072 | Lair:3   | Reached XP level 13. HP: 98/98 MP: 12/26
 15077 | Lair:3   | Identified the +0 ring mail of the End {^Drain rC+ rN+}
 15220 | Lair:3   | Found a staircase to the Shoals.
 16400 | Lair:4   | Identified the +0 orcbow "Puczi" {flame, rN+ Stlth+}
 16529 | Lair:4   | Reached skill level 10 in Spellcasting
 16591 | Lair:4   | Found a dark tunnel.
 16598 | Volcano  | Entered a volcano
 16922 | Volcano  | Noticed a fire dragon
 16930 | Volcano  | Killed a fire dragon
 16931 | Volcano  | Reached skill level 10 in Dodging
 17655 | Lair:4   | Reached XP level 14. HP: 108/108 MP: 25/28
 17661 | Lair:4   | Reached skill level 10 in Invocations
 18381 | Lair:4   | Reached skill level 10 in Short Blades
 18706 | Lair:5   | Entered Level 5 of the Lair of Beasts
 18901 | Lair:5   | Reached skill level 10 in Throwing
 19236 | Lair:5   | Reached skill level 10 in Hexes
 19303 | Lair:5   | Reached skill level 10 in Fighting
 19303 | Lair:5   | Reached skill level 10 in Long Blades
 19303 | Lair:5   | Reached skill level 10 in Axes
 19303 | Lair:5   | Reached skill level 10 in Maces & Flails
 19303 | Lair:5   | Reached skill level 10 in Polearms
 19303 | Lair:5   | Reached skill level 10 in Staves
 19303 | Lair:5   | Reached skill level 10 in Ranged Weapons
 19303 | Lair:5   | Reached skill level 10 in Armour
 19303 | Lair:5   | Reached skill level 10 in Shields
 19303 | Lair:5   | Reached skill level 10 in Unarmed Combat
 19303 | Lair:5   | Reached skill level 10 in Evocations
 19422 | Lair:5   | Reached XP level 15. HP: 89/115 MP: 25/30
 19947 | Lair:5   | Found a viscous altar of Jiyva.
 19948 | Lair:5   | Found a staircase to the Slime Pits.
 20484 | Lair:5   | Found a burning altar of Makhleb.
 20490 | Lair:5   | Found a gateway to Hell.
 20642 | Lair:5   | Found a hide-covered altar of Uskayaw.
 20657 | Lair:5   | Learned a level 4 spell: Vhi's Electric Charge
 20690 | Lair:5   | Found a runed translucent door.
 20691 | Lair:5   | Noticed KineticRobot's ghost (journeyman MiFi)
 21032 | Orc:1    | Entered Level 1 of the Orcish Mines
 21255 | Orc:1    | Found Wotuvveb's Armour Boutique.
 21401 | Orc:2    | Entered Level 2 of the Orcish Mines
 21401 | Orc:2    | Found Ivvypafoatz's Book Shop.
 21636 | Orc:2    | Found a staircase to the Elven Halls.
 22414 | Orc:2    | Found Ehoheg's CLEARANCE SALE!.
 22422 | Orc:2    | Bought a scroll of identify for 12 gold pieces
 22422 | Orc:2    | Bought a potion of berserk rage for 30 gold pieces
 22624 | Orc:2    | Found Naeph's Antique Weapon Shop.
 22627 | Orc:2    | Found Lijigel's Jewellery Shop.
 22629 | Orc:2    | Found Lingawn's Distillery.
 22633 | Orc:2    | Bought a ring of see invisible for 255 gold pieces
 22635 | Orc:2    | Bought a potion of mutation for 88 gold pieces
 22635 | Orc:2    | Bought a potion of heal wounds for 55 gold pieces
 22635 | Orc:2    | Bought a potion of enlightenment for 55 gold pieces
 22635 | Orc:2    | Bought a potion of mutation for 88 gold pieces
 22635 | Orc:2    | Bought a potion of invisibility for 88 gold pieces
 22973 | D:11     | Noticed Nergalle
 22974 | D:11     | Killed Nergalle
 23109 | D:11     | Noticed Urug
 23116 | D:11     | Killed Urug
 23699 | D:11     | Reached skill level 10 in Shapeshifting
 23997 | D:12     | Reached XP level 16. HP: 123/124 MP: 23/32
 25019 | D:13     | Noticed Jorgrun
 25024 | D:13     | Killed Jorgrun
 25685 | D:13     | Learned a level 4 spell: Anguish
 25690 | D:13     | Learned a level 4 spell: Cause Fear
 25698 | D:13     | Learned a level 7 spell: Enfeeble
 25779 | D:13     | Found a gate to the Vaults.
 27298 | D:14     | Found an opulent altar of Gozag.
 27517 | D:15     | Entered Level 15 of the Dungeon
 27517 | D:15     | Found a stormy altar of Qazlal.
 27951 | D:15     | Found a staircase to the Depths.
 28760 | Shoals:1 | Entered Level 1 of the Shoals
 28817 | Shoals:1 | Found a flickering gateway to a bazaar.
 28828 | Bazaar   | Entered a bazaar
 28828 | Bazaar   | Found Ujimyg's Assorted Antiques.
 28828 | Bazaar   | Found Qeevvu's Distillery.
 28828 | Bazaar   | Found Yruakh's Weapon Shop.
 28828 | Bazaar   | Found Ukugyl's Book Shoppe.
 28830 | Bazaar   | Found Owuamacs's Magic Scroll Shop.
 28839 | Bazaar   | Bought 2 inky potions for 61 gold pieces
 28839 | Bazaar   | Bought a potion of invisibility for 272 gold pieces
 28869 | Bazaar   | Bought a manual of Armour for 800 gold pieces
 28883 | Bazaar   | Bought a scroll of revelation for 112 gold pieces
 28883 | Bazaar   | Bought a scroll of brand weapon for 142 gold pieces
 28883 | Bazaar   | Bought a scroll of teleportation for 45 gold pieces
 28883 | Bazaar   | Bought a scroll of vulnerability for 60 gold pieces
 28883 | Bazaar   | Bought a scroll of fog for 60 gold pieces
 28883 | Bazaar   | Bought a scroll of butterflies for 60 gold pieces
 28894 | Bazaar   | Bought a potion of mutation for 144 gold pieces
 28894 | Bazaar   | Bought a potion of heal wounds for 90 gold pieces
 29000 | Shoals:1 | HP: 5/126 [water nymph/the raging water (30)]
 29002 | Shoals:1 | Killed from afar by a water nymph

Illustrated notes

Levels and vault maps discovered:
D:1:      mrwooster_arrival_statue, layout_rooms, grunt_decor_fettered
D:2:      layout_loops_ring, serial_bayou_pond_a, minmay_misc_feat_columns,
          uniq_jessica, uniq_natasha
D:3:      layout_basic, amcnicky_mini_rare_corridor_liquid,
          minmay_three_crescents, uniq_robin
D:4:      layout_gridville, led_xom_imps, mrwooster_statue_mirror,
          minmay_increasing_density
D:5:      layout_loops_corners, minmay_misc_feat_enclosed,
          kennysheep_generic_room_3, uniq_edmund, uniq_eustachio
D:6:      layout_basic, lemuel_tele_altar, minmay_temple_entry_trees
D:7:      bobbens_index_wilting_gardens, layout_rooms, led_sif_book,
          serial_shops, shop, minmay_misc_feat_tiny, lightli_minifort,
          uniq_joseph
D:8:      layout_cave_pods, due_lair_maze_entry_diamond, serial_park,
          serial_park_square3 [serial_park_minivault_5x5_8], serial_park_tiny_2
D:9:      layout_roguey, david_orc_4, st_stairs_12
D:10:     layout_roguey, nicolae_overflow_squiral, enter_bailey_4
D:11:     layout_roguey, nzn_sisyphean_effort, uniq_nergalle, uniq_urug
D:12:     layout_basic
D:13:     layout_stronghold, erik_vaults_2, uniq_jorgrun
D:14:     layout_loops_ring, nicolae_gozag_cash_rules_everything_around_me
D:15:     gammafunk_enter_depths_forms, layout_gridville,
          nicolae_qazlal_scattered_showers
Temple:   minmay_crystal_spiral_temple
Lair:1:   layout_long_grid, st_stairs_6, serial_bayou_shore_b
Lair:2:   layout_hall_layers, minmay_snake_entry_six_corridors, basic_altar
Lair:3:   pond_and_an_island_with_a_cottage, layout_regular_city,
          shoals_dummy_entry
Lair:4:   nzn_winding_woodlands_large [nzn_winding_woodlands_5x5_perimeter,
          nzn_winding_woodlands_5x15_eye, nzn_winding_woodlands_5x5_cross,
          nzn_winding_woodlands_center_lodge,
          nzn_winding_woodlands_15x15_thick_spiral,
          nzn_winding_woodlands_center_triple_pond,
          nzn_winding_woodlands_hourglass, nzn_winding_woodlands_5x15_jagged,
          nzn_winding_woodlands_5x5_closed_star], layout_regular_city,
          nicolae_volcano_entry_two_sided
Lair:5:   evil_forest, layout_regular_city, dpeg_slime_entry_enclosed,
          ebering_ghost_inner_flame, grunt_forest_small_clearings, st_stairs_4,
          lemuel_oklob_altar
Shoals:1: cheibrodos_shoals_roost, layout_shoals, serial_shops,
          bzr_entry_lakeside, gammafunk_ghost_cemetery, ldierk_geyser,
          nicolae_shoals_nymph_descending_staircase
Orc:1:    layout_caves, serial_shops, shop
Orc:2:    st_orc_pillars, layout_caves, nicolae_shop_clearance

Skill      XL: |  1  2  3  4  5  6  7  8  9 10 11 12 13 14 15 16 |
---------------+-------------------------------------------------+-----
Spellcasting   | 5 6 7 8 9 10 11 12 | 12.6
Stealth        | 6 7 8 9 10 11 12 13 | 13.0
Invocations    | 1 2 3 4 5 6 7 8 9 10 11 12 | 12.6
Fighting       | 1 2 3 5 6 7 8 9 10 11 | 11.6
Long Blades    | 1 2 3 5 6 7 8 9 10 11 | 11.6
Axes           | 1 2 3 5 6 7 8 9 10 11 | 11.6
Maces & Flails | 1 2 3 5 6 7 8 9 10 11 | 11.6
Polearms       | 1 2 3 5 6 7 8 9 10 11 | 11.6
Staves         | 1 2 3 5 6 7 8 9 10 11 | 11.6
Ranged Weapons | 1 2 3 5 6 7 8 9 10 11 | 11.6
Throwing       | 1 2 3 5 6 7 8 9 10 12 13 | 13.3
Armour         | 1 2 3 5 6 7 8 9 10 11 | 11.6
Shields        | 1 2 3 5 6 7 8 9 10 11 | 11.6
Unarmed Combat | 1 2 3 5 6 7 8 9 10 11 | 11.6
Evocations     | 1 2 3 5 6 7 8 9 10 11 | 11.6
Shapeshifting  | 1 2 3 4 5 6 7 8 9 10 | 10.7
Conjurations   | 1 2 3 4 5 6 7 8 9 |  9.8
Summonings     | 1 2 3 4 5 6 7 8 9 |  9.8
Necromancy     | 1 2 3 4 5 6 7 8 9 |  9.8
Translocations | 1 2 3 4 5 6 7 8 9 |  9.8
Fire Magic     | 1 2 3 4 5 6 7 8 9 |  9.8
Ice Magic      | 1 2 3 4 5 6 7 8 9 |  9.8
Air Magic      | 1 2 3 4 5 6 7 8 9 |  9.8
Earth Magic    | 1 2 3 4 5 6 7 8 9 |  9.8
Alchemy        | 1 2 3 4 5 6 7 8 9 |  9.8
Short Blades   | 3 4 5 6 7 8 9 10 11 | 11.9
Dodging        | 5 6 7 8 9 10 11 12 | 12.5
Hexes          | 6 7 8 9 10 11 | 11.2

Action                     |  1- 3 |  4- 6 |  7- 9 | 10-12 | 13-15 | 16-18 || total
---------------------------+-------+-------+-------+-------+-------+-------++-------
  Melee: Dagger            |    79 |   213 |   298 |   412 |       |       ||  1002
         Bite              |     9 |    27 |    31 |   108 |   111 |    54 ||   340
         Punch             |       |     3 |     9 |    31 |    66 |       ||   109
         Rapier            |       |       |    28 |   345 |   846 |   362 ||  1581
  Throw: Dart              |       |       |     1 |    10 |     2 |     3 ||    16
   Cast: Ensorcelled Hiber |    14 |    43 |    68 |   114 |   222 |    61 ||   522
         Confusing Touch   |       |       |     3 |    40 |     6 |     5 ||    54
         Dazzling Flash    |       |       |     2 |    41 |    66 |     6 ||   115
         Tukima's Dance    |       |       |       |     1 |    17 |    25 ||    43
         Metabolic Englaci |       |       |       |       |    11 |     5 ||    16
         Mephitic Cloud    |       |       |       |       |     9 |     1 ||    10
         Anguish           |       |       |       |       |       |     3 ||     3
         Cause Fear        |       |       |       |       |       |     1 ||     1
 Invoke: Line Pass         |       |       |       |     2 |       |       ||     2
         Grand Finale      |       |       |       |       |     1 |       ||     1
  Evoke: Wand              |       |       |       |     2 |     5 |       ||     7
    Use: Potion            |       |       |     3 |       |     4 |       ||     7
         Scroll            |       |       |       |    23 |     6 |     5 ||    34
   Stab: Sleeping          |    14 |    39 |    59 |    91 |   127 |    42 ||   372
         Distracted        |       |     1 |       |     1 |     7 |     5 ||    14
         Petrified         |       |     1 |       |       |     1 |       ||     2
         Confused          |       |       |     5 |    35 |     9 |     7 ||    56
         Paralysed         |       |       |     5 |    35 |    67 |    19 ||   126
         Invisible         |       |       |       |    23 |    40 |     2 ||    65
 Armour: Robe              |    24 |   159 |   139 |       |       |       ||   322
         Steam dragon scal |       |       |    23 |   378 |   594 |       ||   995
         Shadow dragon sca |       |       |       |    16 |       |       ||    16
         Troll leather arm |       |       |       |       |    54 |   138 ||   192
  Dodge: Dodged            |    60 |   223 |   205 |   554 |   732 |   115 ||  1889
  Block: Buckler           |       |       |       |       |    10 |    67 ||    77
